 Dungeon Crawl Stone Soup version 0.25.0-10-g039870ee82 (webtiles) character file.

Game seed: 14622580883735620302

81 Matador8 the Grave Robber (level 4, 0/30 HPs)
             Began as a Demonspawn Necromancer on June 23, 2020.
             Hit by a stone thrown by a gnoll (3 damage)
             ... on level 2 of the Dungeon.
             The game lasted 00:13:32 (2562 turns).

Matador8 the Grave Robber (Demonspawn Necromancer)  Turns: 2562, Time: 00:13:32

Health: 0/30       AC:  3    Str: 10    XL:     4   Next: 20%
Magic:  2/8        EV: 11    Int: 16    God:
Gold:   38         SH:  0    Dex: 13    Spells: 4/9 levels left

rFire    . . .     SeeInvis .   p - +2 dagger (venom)
rCold    . . .     Gourm    .   (no shield)
rNeg     . . .     Faith    .   m - +0 leather armour (curse)
rPois    .         Spirit   .   (no helmet)
rElec    .         Reflect  .   (no cloak)
rCorr    .         Harm     .   (no gloves)
MR       .....                  (no boots)
Stlth    ++........             (no amulet)
HPRegen  0.10/turn              (no ring)
MPRegen  0.11/turn              (no ring)

@: no status effects
A: hooves 1, nightstalker 1
a: no special abilities


You were on level 2 of the Dungeon.
You were hungry.

You visited 1 branch of the dungeon, and saw 2 of its levels.

You collected 38 gold pieces.

Inventory:

Hand Weapons
 e - a +0 whip
 j - a +2 whip of freezing
 p - a +2 dagger of venom (weapon)
Missiles
 k - 7 javelins (quivered)
 n - 7 datura-tipped darts
Armour
 a - a +0 robe
 m - a cursed +0 leather armour (worn)
 s - a +0 kite shield
Scrolls
 b - 3 scrolls of immolation {unknown}
 d - 5 scrolls of enchant weapon {unknown}
 f - 2 scrolls of identify {unknown}
 g - a scroll of magic mapping {unknown}
 h - a scroll of fear {unknown}
 i - 2 scrolls of remove curse {unknown}
 l - a scroll of amnesia {unknown}
 q - a scroll of teleportation {unknown}
Potions
 o - a potion of haste {unknown}
 r - a potion of flight {unknown}
Comestibles
 c - 4 rations


   Skills:
 + Level 1.3 Short Blades
 - Level 1.7 Dodging
 - Level 2.0 Stealth
 + Level 3.2 Spellcasting
 - Level 5.0 Necromancy


You had 4 spell levels left.
You knew the following spells:

 Your Spells              Type           Power        Failure   Level  Hunger
a - Pain                  Necr           ###.         3%          1    None
b - Animate Skeleton      Necr           N/A          3%          1    None
c - Vampiric Draining     Necr           ###.......   10%         3    ###....

Your spell library contained the following spells:

 Spells                   Type           Power        Failure   Level  Hunger
 Animate Dead             Necr           N/A          32%         4    ####...
 Agony                    Necr           ###.....     65%         5    ######.


Dungeon Overview and Level Annotations

Branches:
Dungeon (2/15)

Altars:
Sif Muna
The Shining One


Innate Abilities, Weirdness & Mutations

You have large cloven feet.
You are slightly more attuned to the shadows.


Message History

Press: ? - help, Shift-Dir - straight line, f/p - gnoll
Aim: a gnoll, quivering 7 stones (heavily wounded, chance to defeat MR: 84%)
The gnoll writhes in agony.
The gnoll throws a stone.
The stone barely misses you. The gnoll hits you.
You barely miss the gnoll.
The gnoll is heavily wounded.
The gnoll hits you.
You completely miss the gnoll. Your kick misses the gnoll.
The gnoll is heavily wounded.
The gnoll hits you but does no damage.
Casting: Pain (safe; 3% risk of failure)
Confirm with . or Enter, or press ? or * to list all spells.
You don't have enough magic to cast that spell.
You hit the gnoll.
The gnoll is poisoned.
Your kick misses the gnoll.
The gnoll is severely wounded.
The gnoll hits you!
* * * LOW HITPOINT WARNING * * *
The gnoll throws a stone.
The stone hits you.
You die...

....##..g....# #Z##.........#.#
.#####.##.##.# #.##.#.......#.#
.#####.##.##.# #.#.....####.#.#
.......##..#.# #............#.###
....#......#.# ###...########...#
..#.#..###.#.# #...# #....
..#.#........#####...###### #.#.#
.........#.##(............###.#.#
..#.#.##........@..........##.#..
..#.#.####.##..............##.#.#
....#......#######g..##.......#.#
######.##### ###...##.##.#.....
#.# #.(.(.<..##.#.#.#. ######.#
#(#(..#..##....... .>.....#
#####.#(..#..####.###. ########
##.##.....##..####.# #)
###...#g.#####......)# #.


You could see a gnoll (very poisoned).

Vanquished Creatures
  2 adders (D:2)
  A gnoll (D:2)
  An ooze (D:2)
  A dart slug (D:1)
  2 leopard geckos
  2 giant cockroaches (D:2)
  11 goblins
  6 hobgoblins
  4 bats
  2 frilled lizards (D:1)
  6 kobolds (D:1)
  6 rats
44 creatures vanquished.

Notes
Turn   | Place    | Note
-------+----------+-------------------------------------------
     0 | D:1      | Matador8 the Demonspawn Necromancer began the quest for the
                  | Orb.
     0 | D:1      | Reached XP level 1. HP: 13/13 MP: 3/3
     6 | D:1      | Learned a level 1 spell: Animate Skeleton
     8 | D:1      | Noticed a rime drake
     8 | D:1      | Noticed a redback
     8 | D:1      | Noticed an iguana
     8 | D:1      | Noticed a black bear
     8 | D:1      | Noticed a lindwurm
   439 | D:1      | Gained mutation: You are slightly more attuned to the
                  | shadows. [demonic ancestry]
   439 | D:1      | Reached XP level 2. HP: 10/19 MP: 1/5
  1299 | D:1      | Found a glowing golden altar of the Shining One.
  1360 | D:1      | Reached XP level 3. HP: 14/24 MP: 0/6
  1601 | D:2      | Found a shimmering blue altar of Sif Muna.
  1607 | D:2      | Learned a level 3 spell: Vampiric Draining
  1670 | D:2      | Reached skill level 5 in Necromancy
  2161 | D:2      | Reached skill level 1 in Short Blades
  2161 | D:2      | Gained mutation: You have large cloven feet. [demonic
                  | ancestry]
  2161 | D:2      | Reached XP level 4. HP: 24/30 MP: 5/8
  2562 | D:2      | Hit by a stone thrown by a gnoll

Illustrated notes

Levels and vault maps discovered:
D:1:      onia_arrival_zoo_common, layout_rooms, serial_corexii_hall,
          chequers_hall_statues_y, corexii_hall_statues_x, chequers_garden,
          tso_altar
D:2:      layout_loops_cross, overflow_temple_1_default,
          chequers_serial_rivers_micro_a

Skill      XL: |  1  2  3 |
---------------+----------+-----
Stealth        | 2 |  2.0
Necromancy     | 5 |  5.0
Spellcasting   | 3 |  3.2
Short Blades   | 1 |  1.3
Dodging        | |  1.7

Action                   |  1- 3 |  4- 6 || total
-------------------------+-------+-------++-------
Melee: Whip              |    10 |       ||    10
       Dagger            |    16 |     8 ||    24
 Cast: Pain              |    59 |    10 ||    69
       Animate Skeleton  |     5 |       ||     5
 Stab: Sleeping          |     3 |     1 ||     4
  Eat: Chunk             |     4 |     1 ||     5
Armor: Robe              |     6 |       ||     6
       Leather armour    |       |     1 ||     1
Dodge: Dodged            |    22 |     9 ||    31
